AoeStats
← |GaoeG| flamingo

Arena

509125939Analyzed
2v2 RM · 6d ago on Sep 25, 2026· 63m 35s· 4 players
Game mode
Random Map
Map size
Medium (4 player)
Population
200
Speed
Normal
Resources
Standard
Victory
Conquest
Starting age
Dark Age
Ending age
Imperial Age
RankedLock teamsTeams togetherTeam positionsShared explorationLock speedFull tech treeHidden civsTurbo modeCheats
Victory
Defeat
🇨🇴 Huns · Colombia
1322
+17
🇩🇪 Cumans · Germany
1284
+19
🇪🇸 Celts · Spain
1411
-20
🇪🇸 Hindustanis · Spain
1289
-16
ofespinelman
11:17 Feudal Age
13:30 Double-Bit Axe
15:47 Castle Age
14:54 Gold Mining
17:42 Bow Saw
20:48 Fletching
23:49 Loom
27:29 Wheelbarrow
29:59 Wheelbarrow
29:47 Horse Collar
30:55 Bodkin Arrow
34:38 Imperial Age
32:26 Thumb Ring
36:53 Chemistry
36:14 Ballistics
35:19 Heavy Cavalry Archer
36:24 Parthian Tactics
41:58 Bracer
41:59 Padded Archer Armor
44:46 Forging
44:42 Scale Barding Armor
49:45 Leather Archer Armor
50:05 Iron Casting
53:11 Elite Tarkan
55:21 Chain Barding Armor
56:02 Blast Furnace
63:29 Light Cavalry
MZTK / Dampflok
3:22 Loom
10:41 Feudal Age
12:03 Feudal Age
15:43 Castle Age
14:03 Double-Bit Axe
14:27 Horse Collar
16:31 Capped Ram
20:57 Forging
26:00 Bloodlines
27:29 Wheelbarrow
26:47 Fletching
29:38 Bodkin Arrow
29:39 Gold Mining
31:52 Bow Saw
38:46 Imperial Age
36:37 Hand Cart
36:29 Scale Barding Armor
36:59 Iron Casting
37:26 Heavy Plow
38:30 Chain Barding Armor
41:16 Gold Shaft Mining
44:46 Imperial Age
45:02 Cavalier
46:20 Plate Barding Armor
46:47 Blast Furnace
46:30 Stone Mining
46:32 Paladin
47:28 Light Cavalry
51:06 Pikeman
51:46 Squires
52:20 Scale Mail Armor
52:30 Halberdier
53:39 Chain Mail Armor
54:36 Conscription
54:58 Plate Mail Armor
55:29 Steppe Husbandry
55:48 Caravan
55:52 Siege Ram
62:16 Hussar
63:57 Coinage
64:44 Two-Man Saw
64:36 Hoardings
|GaoeG| flamingo
11:15 Feudal Age
14:57 Castle Age
13:37 Double-Bit Axe
14:16 Horse Collar
15:54 Bow Saw
15:40 Loom
19:10 Scale Mail Armor
29:06 Heavy Plow
31:15 Bloodlines
31:46 Husbandry
33:12 Scale Barding Armor
37:40 Gold Mining
41:42 Wheelbarrow
40:55 Town Watch
42:12 Chain Barding Armor
44:55 Hand Cart
49:41 Imperial Age
47:25 Forging
49:55 Gold Shaft Mining
49:15 Stone Mining
50:09 Heavy Camel Rider
52:02 Plate Barding Armor
52:04 Iron Casting
53:43 Imperial Camel Rider
56:13 Chemistry
57:40 Padded Archer Armor
Skofilus
10:32 Feudal Age
14:40 Castle Age
12:56 Loom
13:23 Double-Bit Axe
13:20 Horse Collar
16:28 Bow Saw
17:37 Scale Mail Armor
19:11 Gold Mining
22:22 Chain Mail Armor
24:41 Wheelbarrow
27:29 Town Watch
27:59 Stone Mining
33:34 Imperial Age
32:30 Fletching
34:52 Plate Mail Armor
35:52 Conscription
37:34 Gold Shaft Mining
37:00 Heavy Plow
37:28 Forging
37:56 Arson
37:42 Capped Ram
38:53 Elite Woad Raider
40:27 Iron Casting
42:04 Stone Shaft Mining
41:54 Bodkin Arrow
42:19 Padded Archer Armor
42:09 Elite Skirmisher
43:54 Chemistry
43:14 Ballistics
43:12 Hand Cart
42:49 Pikeman
43:27 Halberdier
45:09 Blast Furnace
46:41 Leather Archer Armor
47:21 Masonry
49:23 Ring Archer Armor
53:09 Onager
56:01 Siege Ram
59:49 Murder Holes
Connection lost

Rejoining the realm…

Still unreachable

The connection could not be restored.

Session expired

The server has moved on; the page needs a fresh start.